 Dungeon Crawl Stone Soup version 0.31-a0-214-gb37851dbb3 (webtiles) character file.

Game seed: 10693590574214772231

17259 qw the Blocker (level 12, -13/72 HPs)
             Began as a Gargoyle Fighter on July 1, 2023.
             Was a High Priest of Okawaru.
             Killed from afar by a pearl dragon (28 damage)
             ... with a blast of cleansing flame
             ... on level 2 of the Abyss.
             The game lasted 00:05:12 (9502 turns).

qw the Blocker (Gargoyle Fighter)                   Turns: 9502, Time: 00:05:12

Health: -13/72     AC: 32    Str: 26    XL:     12   Next: 46%
Magic:  18/19      EV: 13    Int:  8    God:    Okawaru [*****.]
Gold:   463        SH: 18    Dex:  9    Spells: 11/11 levels left

rFire   + . .        Y - +0 war axe (heavy)
rCold   + . .        w - +0 tower shield
rNeg    + . .        h - +0 plate armour
rPois   inf          e - +2 helmet
rElec   +            s - +0 cloak of Xom's Whim {rPois rF+}
rCorr   .            x - +0 pair of gloves
SInv    .            f - +0 pair of boots
Will    .....        l - amulet of the acrobat Stlth
                     t - ring of protection from cold
HPRegen 0.32/turn    j - +5 ring of evasion
MPRegen 0.16/turn

%: acrobat
@: about to teleport, heroic
A: sickness immunity, AC +8, negative energy resistance 1, electricity
resistance, torment resistance 1, petrification resistance
a: Renounce Religion, Heroism, Finesse, Duel


You were on level 2 of the Abyss.
You worshipped Okawaru.
Okawaru was extremely pleased with you.
You visited 1 branch of the dungeon, and saw 11 of its levels.
You visited the Abyss 1 time.

You collected 517 gold pieces.
You spent 54 gold pieces at shops.


Innate Abilities, Weirdness & Mutations

You are immune to sickness and miasma.
Your stone body is resilient. (AC +8)
You are immune to poison.
You resist negative energy. (rN+)
You are resistant to electric shocks. (rElec)
You are resistant to unholy torment.
You are immune to petrification.


   Skills:
 - Level 7.0(12.0) Fighting
 - Level 10.0(15.0) Axes
 - Level 3.2(8.2) Throwing
 - Level 7.0(12.0) Armour
 - Level 1.8(6.8) Dodging
 + Level 12.6(17.6) Shields
 - Level 10.1 Invocations


You had 11 spell levels left.
You didn't know any spells.
Your spell library was empty.

Inventory:

Hand Weapons
 b - a +1 war axe of distortion
 y - a +0 heavy morningstar
 Y - a +0 heavy war axe (weapon)
Armour
 e - a +2 helmet (worn)
 f - a +0 pair of boots (worn)
 h - a +0 plate armour (worn)
 s - the +0 cloak of Xom's Whim (worn) {rPois rF+}
   (You acquired it on level 5 of the Dungeon)

   rF:        It protects you from fire.
   rPois:     It protects you from poison.
 w - a +0 tower shield (worn)
 x - a +0 pair of gloves (worn)
 z - +0 acid dragon scales
Jewellery
 c - a ring of positive energy
 j - a +5 ring of evasion (right hand)
 l - an amulet of the acrobat (around neck)
 t - a ring of protection from cold (left hand)
 C - a ring of resist corrosion
Wands
 u - a wand of digging (5)
Scrolls
 i - a scroll of identify
 p - 4 scrolls of teleportation
Potions
 d - 4 potions of might
 k - a potion of resistance
 n - a potion of mutation
 o - a potion of haste
 q - a potion of heal wounds
 r - a potion of enlightenment
 v - 3 potions of curing
 B - a potion of magic
 D - a potion of attraction

Dungeon Overview and Level Annotations

Branches:
Dungeon (11/15)            Temple (0/1) D:5             Orc (0/2) D:10
   Lair: D:8-11

Altars:
Ashenzari
Okawaru
Qazlal
Sif Muna
Trog
Uskayaw
Vehumet
Wu Jian

Shops:
D:2 *

Portals:
Trove: D:10 (give 8 potions of haste)

Annotations:
D:11 Erolcha


Message History

You gain the combat prowess of a mighty hero.
The pearl dragon misses you. You block the pearl dragon's attack.
The pearl dragon bites you! The pearl dragon closely misses you.
You completely miss the pearl dragon.
The pearl dragon breathes cleansing flame at you.
The blast of cleansing flame misses you.
You closely miss the pearl dragon.
You are engulfed in blessed fire.
You block the pearl dragon's attack. The pearl dragon barely misses you.
You block the pearl dragon's attack.
The pearl dragon claws you but does no damage.
You slash the pearl dragon!
The pearl dragon is lightly wounded.
You are engulfed in blessed fire.
The pearl dragon bites you but does no damage.
You block the pearl dragon's attack.
You carve the pearl dragon like a ham!!!
The pearl dragon is heavily wounded.
You are engulfed in blessed fire.
You block the pearl dragon's attack. The pearl dragon claws you!
You closely miss the pearl dragon.
The pearl dragon is heavily wounded.
The pearl dragon barely misses you. You block the pearl dragon's attack. x3
You slice the pearl dragon!!
The pearl dragon is heavily wounded.
The pearl dragon bites you but does no damage.
You block the pearl dragon's attack.
You hit the pearl dragon.
The pearl dragon is heavily wounded.
The pearl dragon breathes cleansing flame at you.
The blast of cleansing flame engulfs you but does no damage.
The pearl dragon breathes cleansing flame at you.
The blast of cleansing flame engulfs you!
9502 ||| READING 5 scrolls of teleportation.
As you read the scroll of teleportation, it crumbles to dust.
You feel strangely unstable.
You feel the power of the Abyss delaying your translocation!
You are engulfed in blessed fire.
The pearl dragon breathes cleansing flame at you.
The blast of cleansing flame engulfs you!!
You die...

##..# #...# # . #
..###'#.. # ......
. #. ........#
..### #.....#. .
.....¤###..........
......D@¤¤........
......¤¤¤....#.. ..
........¤.........
##################


You could see a pearl dragon (catching breath).

Vanquished Creatures
  A lich (Abyss:2)
  4 two-headed ogres
  A boulder beetle (D:11)
  A deep elf pyromancer (D:10)
  A smoke demon (Abyss:2)
  A kobold demonologist (D:10)
  A komodo dragon (D:10)
  5 trolls
  3 hellwings (Abyss:2)
  A hornet (D:10)
  Sigmund (D:2)
  A ynoxinul (D:9)
  2 shadows (D:10)
  2 vampires (D:10)
  A wyvern (D:8)
  24 yaks
  Menkaure (D:6)
  2 steam dragons
  3 wargs (D:11)
  5 hell hounds (Abyss:2)
  3 acid dragons (D:10)
  A water moccasin (D:7)
  An orc warrior (D:9)
  2 sky beasts
  2 centaurs (D:10)
  An ogre (D:3)
  2 phantoms
  2 kobold brigands
  3 bullfrogs
  3 scorpions
  18 wights
  9 killer bees
  6 howler monkeys (D:8)
  A small abomination (Abyss:2)
  2 quasits (Abyss:2)
  6 hounds
  3 orc priests
  A jelly (D:6)
  A gnoll bouda (D:6)
  2 iguanas
  A sleepcap (D:3)
  Natasha (twice) (D:3)
  15 orc wizards
  Robin (D:3)
  8 gnolls
  2 adders (D:2)
  A shadow imp (D:5)
  2 white imps
  A worm (D:2)
  27 orcs
  11 endoplasms
  A giant cockroach (D:1)
  12 goblins
  15 hobgoblins
  3 jackals (D:4)
  5 quokkas
  2 ball pythons (D:3)
  8 bats
  2 frilled lizards
  22 kobolds
  6 rats
277 creatures vanquished.

Notes
Turn   | Place    | Note
-------+----------+-------------------------------------------
     0 | D:1      | qw the Gargoyle Fighter began the quest for the Orb.
     0 | D:1      | Reached XP level 1. HP: 14/14 MP: 1/1
     0 | D:1      | 0 ||| qw: Version: 0.3-a-32-g5962c71
     0 | D:1      | 0 ||| qw: Game counter: 7690
     0 | D:1      | 0 ||| qw: Melee chars always use a shield: true
     0 | D:1      | 0 ||| qw: God list: Okawaru
     0 | D:1      | 0 ||| qw: Allow faded altars: false
     0 | D:1      | 0 ||| qw: Do Orc after clearing Dungeon:15 true
     0 | D:1      | 0 ||| qw: Do second Lair branch before Depths: true
     0 | D:1      | 0 ||| qw: Lair rune preference: random
     0 | D:1      | 0 ||| qw: Goals: Normal, Zot:1-4, Slime:5, God:TSO, Crypt,
                  | Tomb, Abyss, Pan, Hells, Win
     0 | D:1      | 0 ||| PLANNING D:1-11
   105 | D:1      | 105 ||| Stepping ~*~*~tactically~*~*~ (stealth).
   172 | D:1      | Reached XP level 2. HP: 19/19 MP: 2/2
   262 | D:1      | 262 ||| Stepping ~*~*~tactically~*~*~ (hiding).
   271 | D:1      | 271 ||| Stepping ~*~*~tactically~*~*~ (stealth).
   308 | D:1      | 308 ||| Stepping ~*~*~tactically~*~*~ (stealth).
   585 | D:1      | Reached skill level 3 in Axes
   730 | D:1      | Reached XP level 3. HP: 23/23 MP: 3/3
   731 | D:1      | 731 ||| UPGRADING to +0 helmet.
   736 | D:1      | 736 ||| READING scroll labelled IRAUHU XEFOW.
   737 | D:1      | 737 ||| READING scroll labelled PITE ULAPH.
   830 | D:2      | Noticed Sigmund
   839 | D:2      | Killed Sigmund
   840 | D:2      | Reached XP level 4. HP: 26/28 MP: 4/4
   840 | D:2      | Reached XP level 5. HP: 30/32 MP: 5/5
   896 | D:2      | 896 ||| UPGRADING to +0 plate armour.
   902 | D:2      | 902 ||| UPGRADING to +0 scale mail.
   907 | D:2      | 907 ||| UPGRADING to +0 plate armour.
   917 | D:2      | 917 ||| DROPPING +0 scale mail.
   990 | D:2      | 990 ||| UPGRADING to ring of resist corrosion.
   994 | D:2      | Found Gunwegou's Assorted Antiques.
  1030 | D:2      | 1030 ||| BUYING bubbling dark potion (27 gold).
  1030 | D:2      | Bought a bubbling dark potion for 27 gold pieces
  1030 | D:2      | 1030 ||| BUYING pink potion (27 gold).
  1030 | D:2      | Bought a pink potion for 27 gold pieces
  1030 | D:2      | 1030 ||| SHOPLISTING potion of might (124 gold, have 20).
  1030 | D:2      | 1030 ||| SHOPLISTING runed war axe (201 gold, have 20).
  1030 | D:2      | 1030 ||| SHOPLISTING scroll labelled FOYSHA ISHREDA (31
                  | gold, have 20).
  1236 | D:2      | 1236 ||| Stepping ~*~*~tactically~*~*~ (stealth).
  1581 | D:2      | 1581 ||| Stepping ~*~*~tactically~*~*~ (hiding).
  1592 | D:2      | Reached XP level 6. HP: 38/38 MP: 6/6
  1600 | D:2      | 1600 ||| Stepping ~*~*~tactically~*~*~ (stealth).
  1713 | D:2      | 1713 ||| UPGRADING to amulet of the acrobat.
  1718 | D:2      | 1718 ||| READING scroll labelled ETUUGY UFOXE.
  1719 | D:2      | 1719 ||| READING scroll labelled GIEKKIURHOI.
  1720 | D:2      | 1720 ||| DRINKING 2 pink potions.
  1721 | D:2      | 1721 ||| DROPPING potion of brilliance.
  1806 | D:3      | 1806 ||| Stepping ~*~*~tactically~*~*~ (stealth).
  1807 | D:3      | 1807 ||| Stepping ~*~*~tactically~*~*~ (stealth).
  1814 | D:3      | 1814 ||| Stepping ~*~*~tactically~*~*~ (stealth).
  1828 | D:3      | 1828 ||| FLEEEEING.
  1829 | D:3      | 1829 ||| FLEEEEING.
  1830 | D:3      | 1830 ||| FLEEEEING.
  1831 | D:3      | 1831 ||| FLEEEEING.
  1834 | D:3      | 1834 ||| FLEEEEING.
  1835 | D:3      | 1835 ||| FLEEEEING.
  1836 | D:3      | 1836 ||| FLEEEEING.
  1837 | D:3      | 1837 ||| FLEEEEING.
  1838 | D:3      | 1838 ||| FLEEEEING.
  1839 | D:3      | 1839 ||| FLEEEEING.
  1840 | D:3      | 1840 ||| FLEEEEING.
  1841 | D:3      | 1841 ||| FLEEEEING.
  1842 | D:3      | 1842 ||| FLEEEEING.
  1843 | D:3      | 1843 ||| STAIRDANCE
  1870 | D:2      | 1870 ||| UPGRADING to +0 cloak.
  1898 | D:3      | Found a broken altar of Ashenzari.
  1908 | D:3      | Noticed Robin
  1938 | D:3      | Killed Robin
  2289 | D:3      | Noticed Natasha
  2301 | D:3      | Killed Natasha
  2438 | D:3      | Noticed Natasha
  2446 | D:3      | Killed Natasha
  2471 | D:3      | 2471 ||| READING scroll labelled FUMOLO COLELUA.
  2472 | D:3      | 2472 ||| READING scroll labelled SEFUIC UPAM.
  2490 | D:4      | 2490 ||| Stepping ~*~*~tactically~*~*~ (hiding).
  2491 | D:4      | 2491 ||| Stepping ~*~*~tactically~*~*~ (hiding).
  2492 | D:4      | 2492 ||| Stepping ~*~*~tactically~*~*~ (hiding).
  2503 | D:4      | Reached skill level 6 in Axes
  2503 | D:4      | Reached XP level 7. HP: 42/44 MP: 7/7
  2552 | D:4      | 2552 ||| Stepping ~*~*~tactically~*~*~ (stealth).
  2618 | D:4      | 2618 ||| Stepping ~*~*~tactically~*~*~ (stealth).
  2621 | D:4      | 2621 ||| Stepping ~*~*~tactically~*~*~ (stealth).
  2647 | D:4      | 2647 ||| Stepping ~*~*~tactically~*~*~ (stealth).
  2648 | D:4      | 2648 ||| DROPPING +0 club.
  2650 | D:4      | 2650 ||| Stepping ~*~*~tactically~*~*~ (stealth).
  2651 | D:4      | 2651 ||| Stepping ~*~*~tactically~*~*~ (stealth).
  2693 | D:4      | 2693 ||| Stepping ~*~*~tactically~*~*~ (stealth).
  2696 | D:4      | 2696 ||| Stepping ~*~*~tactically~*~*~ (stealth).
  2717 | D:4      | 2717 ||| Stepping ~*~*~tactically~*~*~ (stealth).
  2721 | D:4      | 2721 ||| FLEEEEING.
  2722 | D:4      | 2722 ||| FLEEEEING.
  2723 | D:4      | 2723 ||| FLEEEEING.
  2724 | D:4      | 2724 ||| FLEEEEING.
  2725 | D:4      | 2725 ||| FLEEEEING.
  2726 | D:4      | 2726 ||| FLEEEEING.
  2727 | D:4      | 2727 ||| FLEEEEING.
  2728 | D:4      | 2728 ||| FLEEEEING.
  2871 | D:4      | Found a radiant altar of Vehumet.
  2872 | D:4      | 2872 ||| Stepping ~*~*~tactically~*~*~ (hiding).
  3003 | D:4      | Found an iron altar of Okawaru.
  3004 | D:4      | 3004 ||| PLANNING OKAWARU WORSHIP
  3004 | D:4      | 3004 ||| UPGRADING to +5 ring of evasion.
  3005 | D:4      | 3005 ||| READING scroll labelled QUABRE YMPOT.
  3006 | D:4      | 3006 ||| DRINKING 2 bubbling dark potions.
  3007 | D:4      | 3007 ||| DROPPING potion of degeneration.
  3012 | D:4      | Became a worshipper of Warmaster Okawaru
  3013 | D:4      | 3013 ||| PLANNING D:1-11
  3168 | D:4      | 3168 ||| Stepping ~*~*~tactically~*~*~ (stealth).
  3251 | D:4      | Found a stormy altar of Qazlal.
  3261 | D:4      | 3261 ||| READING scroll labelled EROAHOAVAH.
  3261 | D:4      | Identified a scroll of acquirement
  3261 | D:4      | 3261 ||| ACQUIRING +1 war axe of distortion
  3261 | D:4      | Acquired a +1 war axe of distortion
  3308 | D:5      | Entered Level 5 of the Dungeon
  3320 | D:5      | Reached XP level 8. HP: 48/49 MP: 8/8
  3393 | D:5      | 3393 ||| READING scroll of acquirement.
  3393 | D:5      | 3393 ||| ACQUIRING +0 cloak of Xom's Whim {rPois rF+}
  3393 | D:5      | Acquired the +0 cloak of Xom's Whim {rPois rF+}
  3395 | D:5      | 3395 ||| UPGRADING to +0 pair of boots.
  3400 | D:5      | 3400 ||| UPGRADING to +0 cloak of Xom's Whim {rPois rF+}.
  3410 | D:5      | 3410 ||| DROPPING +0 cloak.
  3666 | D:5      | Found a staircase to the Ecumenical Temple.
  3677 | D:5      | 3677 ||| Stepping ~*~*~tactically~*~*~ (hiding).
  3730 | D:5      | 3730 ||| READING scroll labelled DATHRU FIMOHITY.
  3731 | D:5      | 3731 ||| DRINKING 2 yellow potions.
  3732 | D:5      | 3732 ||| READING 2 scrolls of identify.
  3732 | D:5      | 3732 ||| IDENTIFYING lumpy green potion
  3733 | D:5      | 3733 ||| DROPPING potion of ambrosia.
  3847 | D:6      | Noticed Menkaure
  3854 | D:6      | Killed Menkaure
  3855 | D:6      | Reached skill level 1 in Dodging
  3892 | D:6      | 3892 ||| READING scroll of enchant armour.
  3892 | D:6      | 3892 ||| ENCHANTING +0 helmet.
  4179 | D:6      | 4179 ||| Stepping ~*~*~tactically~*~*~ (hiding).
  4370 | D:6      | 4370 ||| READING 2 scrolls labelled GOAMIENTYO.
  4371 | D:6      | 4371 ||| DROPPING scroll of blinking.
  4475 | D:7      | 4475 ||| Stepping ~*~*~tactically~*~*~ (hiding).
  4476 | D:7      | 4476 ||| Stepping ~*~*~tactically~*~*~ (hiding).
  4487 | D:7      | 4487 ||| DRINKING potion of curing.
  4487 | D:7      | 4487 ||| (to cure confusion)
  4489 | D:7      | Reached skill level 1 in Throwing
  4489 | D:7      | Reached * piety under Okawaru
  4595 | D:7      | Reached skill level 1 in Invocations
  4636 | D:7      | 4636 ||| Stepping ~*~*~tactically~*~*~ (hiding).
  4651 | D:7      | Reached XP level 9. HP: 49/55 MP: 10/10
  4692 | D:7      | 4692 ||| Stepping ~*~*~tactically~*~*~ (hiding).
  4695 | D:7      | 4695 ||| Stepping ~*~*~tactically~*~*~ (hiding).
  4697 | D:7      | 4697 ||| Stepping ~*~*~tactically~*~*~ (hiding).
  4698 | D:7      | 4698 ||| Stepping ~*~*~tactically~*~*~ (hiding).
  4708 | D:7      | 4708 ||| FLEEEEING.
  4711 | D:7      | 4711 ||| INVOKING Heroism.
  4715 | D:7      | Reached skill level 6 in Fighting
  4715 | D:7      | Reached skill level 3 in Invocations
  4731 | D:7      | 4731 ||| FLEEEEING.
  4732 | D:7      | 4732 ||| FLEEEEING.
  4737 | D:7      | 4737 ||| FLEEEEING.
  4738 | D:7      | 4738 ||| FLEEEEING.
  4739 | D:7      | 4739 ||| FLEEEEING.
  4740 | D:7      | 4740 ||| FLEEEEING.
  4741 | D:7      | 4741 ||| STAIRDANCE
  4795 | D:7      | 4795 ||| Stepping ~*~*~tactically~*~*~ (stealth).
  4834 | D:7      | 4834 ||| DROPPING +0 flail.
  5265 | D:7      | 5265 ||| READING scroll labelled FOYSHA ISHREDA.
  5266 | D:7      | 5266 ||| READING 4 scrolls of identify.
  5266 | D:7      | 5266 ||| IDENTIFYING bubbling purple potion
  5267 | D:7      | 5267 ||| READING 3 scrolls of identify.
  5267 | D:7      | 5267 ||| IDENTIFYING bubbling brown potion
  5268 | D:7      | 5268 ||| READING 2 scrolls of identify.
  5268 | D:7      | 5268 ||| IDENTIFYING fuming ruby potion
  5317 | D:8      | 5317 ||| Stepping ~*~*~tactically~*~*~ (hiding).
  5356 | D:8      | 5356 ||| Stepping ~*~*~tactically~*~*~ (hiding).
  5364 | D:8      | Reached skill level 9 in Axes
  5364 | D:8      | Reached ** piety under Okawaru
  5368 | D:8      | 5368 ||| INVOKING Heroism.
  5372 | D:8      | Reached skill level 3 in Throwing
  5438 | D:8      | 5438 ||| INVOKING Heroism.
  5442 | D:8      | Reached skill level 6 in Armour
  5558 | D:8      | 5558 ||| Stepping ~*~*~tactically~*~*~ (stealth).
  5560 | D:8      | 5560 ||| Stepping ~*~*~tactically~*~*~ (stealth).
  5561 | D:8      | 5561 ||| Stepping ~*~*~tactically~*~*~ (stealth).
  5572 | D:8      | Reached skill level 4 in Shields
  5710 | D:8      | 5710 ||| Stepping ~*~*~tactically~*~*~ (hiding).
  5754 | D:8      | Noticed a two-headed ogre
  5755 | D:8      | 5755 ||| INVOKING Heroism.
  5768 | D:8      | Killed a two-headed ogre
  5768 | D:8      | Reached *** piety under Okawaru
  5769 | D:8      | Reached XP level 10. HP: 31/63 MP: 13/13
  5909 | D:8      | Identified the +3 sling of Acuikul {freeze, +Blink rC+
                  | Int-2 Dex+5 SInv}
  5910 | D:8      | 5910 ||| Stepping ~*~*~tactically~*~*~ (hiding).
  5911 | D:8      | 5911 ||| Stepping ~*~*~tactically~*~*~ (hiding).
  6050 | D:8      | Found a hide-covered altar of Uskayaw.
  6307 | D:8      | 6307 ||| UPGRADING to +0 tower shield.
  6317 | D:8      | 6317 ||| DROPPING +0 buckler.
  6318 | D:8      | 6318 ||| DROPPING +6 ring of intelligence.
  6319 | D:8      | 6319 ||| READING scroll labelled ZIEH OSANU.
  6394 | D:9      | 6394 ||| INVOKING Heroism.
  6401 | D:9      | Reached skill level 5 in Shields
  6468 | D:9      | 6468 ||| Stepping ~*~*~tactically~*~*~ (stealth).
  6470 | D:9      | Noticed a two-headed ogre
  6471 | D:9      | 6471 ||| INVOKING Heroism.
  6480 | D:9      | Reached skill level 6 in Shields
  6482 | D:9      | Killed a two-headed ogre
  6482 | D:9      | Reached **** piety under Okawaru
  6483 | D:9      | Reached skill level 7 in Shields
  6578 | D:9      | 6578 ||| Stepping ~*~*~tactically~*~*~ (hiding).
  6580 | D:9      | 6580 ||| Stepping ~*~*~tactically~*~*~ (hiding).
  6581 | D:9      | 6581 ||| Stepping ~*~*~tactically~*~*~ (hiding).
  6582 | D:9      | 6582 ||| Stepping ~*~*~tactically~*~*~ (hiding).
  6590 | D:9      | Reached skill level 8 in Shields
  6607 | D:9      | 6607 ||| Stepping ~*~*~tactically~*~*~ (stealth).
  6639 | D:9      | 6639 ||| INVOKING Heroism.
  6720 | D:9      | 6720 ||| INVOKING Heroism.
  6732 | D:9      | Found a bloodstained altar of Trog.
  6797 | D:9      | 6797 ||| DROPPING +2 flail.
  6802 | D:9      | Found a shimmering blue altar of Sif Muna.
  7198 | D:9      | 7198 ||| READING scroll labelled QUWA GEXUF.
  7241 | D:9      | 7241 ||| DRINKING 2 viscous white potions.
  7242 | D:9      | 7242 ||| DROPPING potion of invisibility.
  7264 | D:10     | Entered Level 10 of the Dungeon
  7269 | D:10     | 7269 ||| Stepping ~*~*~tactically~*~*~ (stealth).
  7270 | D:10     | 7270 ||| Stepping ~*~*~tactically~*~*~ (stealth).
  7272 | D:10     | 7272 ||| Stepping ~*~*~tactically~*~*~ (stealth).
  7274 | D:10     | 7274 ||| Stepping ~*~*~tactically~*~*~ (stealth).
  7276 | D:10     | 7276 ||| Stepping ~*~*~tactically~*~*~ (stealth).
  7278 | D:10     | 7278 ||| Stepping ~*~*~tactically~*~*~ (hiding).
  7310 | D:10     | 7310 ||| Stepping ~*~*~tactically~*~*~ (stealth).
  7312 | D:10     | 7312 ||| Stepping ~*~*~tactically~*~*~ (stealth).
  7316 | D:10     | 7316 ||| STAIRDANCE
  7353 | D:10     | Reached skill level 9 in Shields
  7353 | D:10     | Reached XP level 11. HP: 59/67 MP: 14/14
  7353 | D:10     | 7353 ||| STAIRDANCE
  7412 | D:10     | Found a portal to a secret trove of treasure.
  7412 | D:10     | Noticed a deep elf pyromancer
  7413 | D:10     | 7413 ||| Stepping ~*~*~tactically~*~*~ (hiding).
  7427 | D:10     | 7427 ||| INVOKING Heroism.
  7428 | D:10     | Killed a deep elf pyromancer
  7525 | D:10     | Reached skill level 6 in Invocations
  7691 | D:10     | 7691 ||| INVOKING Heroism.
  7842 | D:10     | Found a staircase to the Orcish Mines.
  8064 | D:10     | 8064 ||| Stepping ~*~*~tactically~*~*~ (hiding).
  8074 | D:10     | Reached skill level 10 in Shields
  8074 | D:10     | 8074 ||| INVOKING Heroism.
  8298 | D:10     | Found an ornate altar of the Wu Jian Council.
  8310 | D:10     | 8310 ||| INVOKING Heroism.
  8311 | D:10     | Received a gift from Okawaru
  8668 | D:10     | 8668 ||| Stepping ~*~*~tactically~*~*~ (stealth).
  8670 | D:10     | 8670 ||| INVOKING Heroism.
  8680 | D:10     | Noticed a sixfirhy
  8690 | D:10     | Reached ***** piety under Okawaru
  8691 | D:10     | Reached skill level 11 in Shields
  8696 | D:10     | 8696 ||| INVOKING Heroism.
  8720 | D:10     | 8720 ||| Stepping ~*~*~tactically~*~*~ (stealth).
  8724 | D:10     | 8724 ||| INVOKING Heroism.
  8830 | D:10     | 8830 ||| INVOKING Heroism.
  8912 | D:10     | 8912 ||| READING scroll of enchant armour.
  8912 | D:10     | 8912 ||| ENCHANTING +1 helmet.
  8965 | D:10     | 8965 ||| UPGRADING to +0 pair of gloves.
  8970 | D:10     | 8970 ||| UPGRADING to ring of protection from cold.
  8972 | D:10     | 8972 ||| READING scroll labelled PEDGHO INAUS.
  8973 | D:10     | 8973 ||| READING 4 scrolls of identify.
  8973 | D:10     | 8973 ||| IDENTIFYING sapphire potion
  8974 | D:10     | 8974 ||| READING 3 scrolls of identify.
  8974 | D:10     | 8974 ||| IDENTIFYING amethyst potion
  8975 | D:10     | 8975 ||| READING 2 scrolls of identify.
  8975 | D:10     | 8975 ||| IDENTIFYING black potion
  8976 | D:10     | 8976 ||| DROPPING potion of berserk rage.
  9002 | D:11     | Noticed a two-headed ogre
  9003 | D:11     | 9003 ||| INVOKING Heroism.
  9008 | D:11     | Killed a two-headed ogre
  9017 | D:11     | 9017 ||| Stepping ~*~*~tactically~*~*~ (stealth).
  9018 | D:11     | 9018 ||| Stepping ~*~*~tactically~*~*~ (stealth).
  9033 | D:11     | Reached skill level 9 in Invocations
  9033 | D:11     | Reached XP level 12. HP: 72/72 MP: 18/18
  9041 | D:11     | Noticed a boulder beetle
  9042 | D:11     | 9042 ||| INVOKING Heroism.
  9066 | D:11     | Killed a boulder beetle
  9068 | D:11     | Noticed a two-headed ogre
  9071 | D:11     | Noticed Erolcha
  9075 | D:11     | HP: 8/72 [two-headed ogre/+0 giant spiked club (17)]
  9076 | D:11     | 9076 ||| READING 7 scrolls of teleportation.
  9077 | D:11     | 9077 ||| DRINKING 3 potions of heal wounds.
  9079 | D:11     | Killed a two-headed ogre
  9080 | D:11     | Reached skill level 12 in Shields
  9084 | D:11     | 9084 ||| Stepping ~*~*~tactically~*~*~ (hiding).
  9086 | D:11     | 9086 ||| INVOKING Heroism.
  9099 | D:11     | 9099 ||| Stepping ~*~*~tactically~*~*~ (stealth).
  9195 | D:11     | 9195 ||| Stepping ~*~*~tactically~*~*~ (stealth).
  9227 | D:11     | 9227 ||| INVOKING Heroism.
  9228 | Abyss:2  | Cast into level 2 of the Abyss (Erolcha)
  9245 | Abyss:2  | Found a corrupted altar of Lugonu.
  9269 | Abyss:2  | 9269 ||| Stepping ~*~*~tactically~*~*~ (stealth).
  9309 | Abyss:2  | Noticed a lich
  9309 | Abyss:2  | 9309 ||| INVOKING Heroism.
  9318 | Abyss:2  | Killed a lich
  9323 | Abyss:2  | 9323 ||| Stepping ~*~*~tactically~*~*~ (hiding).
  9348 | Abyss:2  | 9348 ||| INVOKING Heroism.
  9358 | Abyss:2  | HP: 18/72 [burnt (3)]
  9359 | Abyss:2  | 9359 ||| READING 6 scrolls of teleportation.
  9360 | Abyss:2  | 9360 ||| DRINKING 2 potions of heal wounds.
  9422 | Abyss:2  | 9422 ||| INVOKING Heroism.
  9487 | Abyss:2  | Noticed a pearl dragon
  9494 | Abyss:2  | 9494 ||| INVOKING Heroism.
  9501 | Abyss:2  | HP: 15/72 [pearl dragon/blast of cleansing flame (13)]
  9502 | Abyss:2  | 9502 ||| READING 5 scrolls of teleportation.
  9502 | Abyss:2  | Killed from afar by a pearl dragon

Levels and vault maps discovered:
D:1:      dpeg_arrival_simpleton_c, layout_loops_ring, minmay_unequal
D:2:      layout_rooms, serial_shops, shop, serial_co_window_serial,
          co_window_cross_1, co_window_paths_a, co_window_corner_a,
          co_window_corner_a, co_window_corner_a, co_window_paths_a,
          co_window_broadway_b, co_window_corner_ca, co_window_paths_c,
          co_window_corner_b, co_window_broadway_c, co_window_of_opportunity_c,
          co_window_paths_c, co_window_paths_e, glass_columns_c,
          glass_columns_a, uniq_sigmund
D:3:      layout_rooms, mainiacjoe_overflow_surrounded_room, minmay_misc_feat_x,
          minmay_misc_feat_room, uniq_natasha, uniq_robin
D:4:      layout_cave_pools, mainiacjoe_overflow_two_lobes,
          nicolae_qazlal_eye_of_the_storm
D:5:      layout_rooms, minmay_temple_entry_gardened_gates
D:6:      layout_basic, uniq_menkaure
D:7:      layout_basic, sigmund_army
D:8:      layout_basic, eat_drink_and_be_merry_uskayaw
D:9:      layout_irregular_city, nzn_overflow_gifts_of_might_and_magic
D:10:     layout_layer_cave, mainiacjoe_overflow_catwalk, orc_0_dummy,
          enter_trove_1, kennysheep_kite_vault
D:11:     layout_irregular_city, erik_lair_orcish_takeover,
          small_chamber_with_monster, uniq_erolcha
Abyss:2:  base:
D:9

Skill      XL: |  1  2  3  4  5  6  7  8  9 10 11 12 |
---------------+-------------------------------------+-----
Axes           | 2 3 5 6 7 8 9 10 | 10.0
Fighting       | 4 5 7 |  7.0
Armour         | 4 5 6 7 |  7.0
Dodging        | 1 |  1.8
Throwing       | 2 3 |  3.2
Invocations    | 2 4 9 10 | 10.1
Shields        | 4 9 11 12 | 12.6

Action                     |  1- 3 |  4- 6 |  7- 9 | 10-12 || total
---------------------------+-------+-------+-------+-------++-------
  Melee: War axe           |    56 |   147 |   322 |   277 ||   802
  Throw: Boomerang         |       |       |    14 |       ||    14
         Javelin           |       |       |    25 |    22 ||    47
 Invoke: Heroism           |       |       |     4 |    20 ||    24
    Use: Scroll            |     2 |     4 |    11 |    10 ||    27
         Potion            |       |     1 |     3 |     3 ||     7
 Armour: Scale mail        |    17 |     4 |       |       ||    21
         Plate armour      |       |    90 |   242 |   176 ||   508
  Dodge: Dodged            |    19 |    39 |   225 |   195 ||   478
  Block: Buckler           |     6 |    19 |    94 |       ||   119
         Tower shield      |       |       |       |   326 ||   326

Table legend:
 A = Non-vault XP
 B = Vault XP
 C = Vault XP percentage of total XP
 D = Non-vault monster count
 E = Vault monster count
 F = Vault count percentage of total count
                 A         B        C        D         E       F
            +---------+---------+-------+---------+---------+-------
      Total |   19872 |    4785 |  19.4 |     231 |      46 |  16.6
            +---------+---------+-------+---------+---------+-------
        D:1 |      28 |       6 |  17.6 |      17 |       3 |  15.0
        D:2 |      61 |     226 |  78.7 |      20 |       1 |   4.8
        D:3 |     210 |      69 |  24.7 |      18 |      12 |  40.0
        D:4 |     505 |       0 |   0.0 |      24 |       0 |   0.0
        D:5 |     203 |       0 |   0.0 |       3 |       0 |   0.0
        D:6 |     495 |     172 |  25.8 |      16 |       1 |   5.9
        D:7 |    1258 |      23 |   1.8 |      33 |       5 |  13.2
        D:8 |    2380 |       0 |   0.0 |      25 |       0 |   0.0
        D:9 |    3134 |     521 |  14.3 |      27 |       2 |   6.9
       D:10 |    4329 |    3154 |  42.1 |      25 |      16 |  39.0
       D:11 |    3296 |     614 |  15.7 |      10 |       6 |  37.5
    Abyss:2 |    3973 |       0 |   0.0 |      13 |       0 |   0.0
            +---------+---------+-------+---------+---------+-------
